 Dungeon Crawl Stone Soup version 0.27-a0-1416-g941b2bd30b (webtiles) character file.

Game seed: 13072942852239715996

2708 wesbby the Grappler (level 9, -10/84 HPs)
             Began as a Troll Berserker on July 1, 2021.
             Was an Elder of Trog.
             Mangled by an eight-headed hydra (13 damage)
             ... on level 7 of the Dungeon.
             The game lasted 00:10:07 (4095 turns).

wesbby the Grappler (Troll Berserker)               Turns: 4095, Time: 00:10:07

Health: -10/84     AC:  9    Str: 29    XL:     9   Next: 39%
Magic:  8/8        EV: 11    Int:  3    God:    Trog [****..]
Gold:   1027       SH:  0    Dex: 10    Spells: 8/8 levels left

rFire    . . .     SeeInvis .     - Unarmed
rCold    . . .     Faith    .   (no shield)
rNeg     . . .     Spirit   .   a - +1 animal skin
rPois    .         Reflect  .   (helmet restricted)
rElec    .         Harm     .   (no cloak)
rCorr    .         Rampage  .   (gloves unavailable)
Will     .....                  (boots unavailable)
Stlth    +.........             (no amulet)
HPRegen  1.24/turn              j - +4 ring of protection
MPRegen  0.11/turn              (no ring)

@: about to teleport, very slow
A: large, unfitting armour, claws 3, regeneration 1, shaggy fur 1, tough skin 1,
screaming 1, wild magic 1
a: Renounce Religion, Berserk, Trog's Hand, Brothers in Arms


You were on level 7 of the Dungeon.
You worshipped Trog.
Trog was greatly pleased with you.
You visited 1 branch of the dungeon, and saw 7 of its levels.

You collected 1092 gold pieces.
You spent 65 gold pieces at shops.

Inventory:

Missiles
 i - a curare-tipped dart (quivered)
Armour
 a - a +1 animal skin (worn)
Jewellery
 j - a +4 ring of protection (left claw)
Wands
 g - a wand of flame (17)
 h - a wand of acid (6)
 l - a wand of iceblast (10)
 s - a wand of charming (11)
Scrolls
 b - a scroll of noise {unknown}
 c - a scroll of silence
 d - a scroll of immolation {unknown}
 f - 2 scrolls of enchant armour
 p - a scroll of acquirement
Potions
 e - a potion of attraction {unknown}
 n - 2 potions of invisibility
 q - 2 potions of curing


   Skills:
 + Level 4.2 Fighting
 + Level 5.9 Dodging
 - Level 0.1 Stealth
 + Level 10.7 Unarmed Combat


You had 8 spell levels left.
You didn't know any spells.
Your spell library was empty.

Dungeon Overview and Level Annotations

Branches:
Dungeon (7/15)             Temple (0/1) D:5

Altars:
Cheibriados
Elyvilon
Hepliaklqana
Makhleb
Nemelex Xobeh
The Shining One

Shops:
D:1 ?   D:4 =

Annotations:
D:4 1 runed translucent door, hilljack's ghost, amateur GrAM
D:7 1 transporter, Grum


Innate Abilities, Weirdness & Mutations

You are too large for most types of armour.
You have claws for hands.
Your natural rate of healing is unusually fast.
You are covered in fur. (AC +1)
You have tough skin. (AC +1)
You occasionally shout uncontrollably at your foes.
Your spells are a little harder to cast, but a little more powerful.


Message History

The centaur is heavily wounded.
The centaur closely misses you. The centaur completely misses you.
You mangle the centaur!!
You kill the centaur!
Trog accepts your kill.
Things that are here:
a +0 shortbow; 17 arrows The eight-headed hydra roars!
You hear a shout!
The centaur wields a +0 shortbow.
The centaur shoots an arrow.
The arrow hits you.
The centaur shoots an arrow.
The arrow hits you.
The centaur shoots an arrow.
The arrow barely misses you.
The centaur shoots an arrow.
The arrow hits you.
Things that are here:
a +0 shortbow; 17 arrows You enter the shallow water.
Moving in this stuff is going to be slow.
The eight-headed hydra bites you but does no damage.
The eight-headed hydra bites you.
The eight-headed hydra bites you but does no damage.
The eight-headed hydra bites you. The eight-headed hydra bites you! x3
The eight-headed hydra bites you. The eight-headed hydra bites you!
The eight-headed hydra bites you.
* * * LOW HITPOINT WARNING * * *
The eight-headed hydra bites you.
* * * LOW HITPOINT WARNING * * *
The eight-headed hydra bites you!
* * * LOW HITPOINT WARNING * * *
The eight-headed hydra bites you!
* * * LOW HITPOINT WARNING * * *
The eight-headed hydra bites you but does no damage.
The eight-headed hydra bites you.
* * * LOW HITPOINT WARNING * * *
The eight-headed hydra closely misses you.
As you read the scroll of teleportation, it crumbles to dust.
You feel strangely unstable. The eight-headed hydra bites you.
* * * LOW HITPOINT WARNING * * *
The eight-headed hydra bites you but does no damage.
The eight-headed hydra bites you!
You die...

©.+.#©.≈≈..........#..........##
⌠8#g#..≈≈...####.#.#.#..#####...
#.##.≈≈...##.....#.##.# ..
#$.#.≈≈...#....#.#.##>#
g#.##.≈≈......#...#.##.#
$.#.#..≈≈..........#.##.#
'##.###≈≈...#.##≈≈.≈≈##<#
....#≈≈..<#...≈#'#≈##.#
##.8#≈≈..#####@#_#≈##.#
#..#≈≈....)cD≈###≈...# #
##≈≈...####≈≈≈≈≈####
≈≈≈≈≈≈..!............#
≈≈≈≈≈≈............##.#
.......######.###.##.# #######
### #.##.# #....# ######


You could see an eight-headed hydra and a centaur.

Vanquished Creatures
  An ugly thing (D:7)
  Edmund (D:5)
  4 ice beasts
  An orc warrior (D:6)
  A sky beast (D:5)
  3 necrophages (D:6)
  2 ogres
  A phantom (D:4)
  2 centaurs (D:7)
  A bullfrog (D:7)
  A kobold brigand (D:7)
  A scorpion (D:6)
  A howler monkey (D:6)
  A centaur zombie (D:7)
  6 hounds
  A jelly (D:6)
  3 orc priests
  An iguana (D:5)
  Jessica (D:3)
  4 orc wizards
  A killer bee zombie (D:5)
  Robin (D:3)
  9 adders
  5 gnolls
  A howler monkey skeleton (D:6)
  A shadow imp (D:6)
  An adder skeleton (D:4)
  A worm (D:2)
  15 orcs
  6 ball pythons
  5 endoplasms
  21 goblins
  12 hobgoblins
  3 jackals (D:4)
  15 kobolds
  4 quokkas
  6 bats
  4 frilled lizards
  4 rats
152 creatures vanquished.

Vanquished Creatures (others)
  14 plants (D:7)
14 creatures vanquished.

Grand Total: 166 creatures vanquished

Notes
Turn   | Place    | Note
-------+----------+-------------------------------------------
     0 | D:1      | wesbby the Troll Berserker began the quest for the Orb.
     0 | D:1      | Reached XP level 1. HP: 22/22 MP: 0/0
    59 | D:1      | Reached XP level 2. HP: 29/29 MP: 1/1
   145 | D:1      | You fall into a shaft and drop 1 floor!
   150 | D:2      | Reached XP level 3. HP: 36/36 MP: 2/2
   346 | D:2      | Reached ** piety under Trog
   360 | D:2      | Reached skill level 4 in Unarmed Combat
   367 | D:1      | Reached XP level 4. HP: 44/44 MP: 3/3
   452 | D:1      | Found Uvusaf's Magic Scroll Shop.
   459 | D:1      | Bought a scroll of identify for 26 gold pieces
   459 | D:1      | Bought a scroll of teleportation for 39 gold pieces
   528 | D:1      | Found a faded altar of an unknown god.
  1019 | D:3      | Noticed Robin
  1034 | D:3      | Killed Robin
  1055 | D:3      | Gained mutation: You occasionally shout uncontrollably at
                  | your foes. [potion of mutation]
  1055 | D:3      | Gained mutation: Your spells are a little harder to cast,
                  | but a little more powerful. [potion of mutation]
  1144 | D:3      | Noticed Jessica
  1149 | D:3      | Killed Jessica
  1150 | D:3      | Reached XP level 5. HP: 47/53 MP: 4/4
  1614 | D:4      | Found Cupoemua's Jewellery Shoppe.
  1634 | D:4      | Noticed a phantom
  1644 | D:4      | Killed a phantom
  1645 | D:4      | Reached skill level 5 in Unarmed Combat
  1703 | D:4      | Reached XP level 6. HP: 61/61 MP: 5/5
  1735 | D:4      | Found a runed translucent door.
  1753 | D:4      | Reached *** piety under Trog
  1911 | D:4      | Noticed hilljack's ghost (amateur GrAM)
  1919 | D:4      | Found a white marble altar of Elyvilon.
  2237 | D:5      | Entered Level 5 of the Dungeon
  2237 | D:5      | Found a staircase to the Ecumenical Temple.
  2268 | D:5      | Reached skill level 6 in Unarmed Combat
  2334 | D:5      | Reached XP level 7. HP: 39/67 MP: 6/6
  2496 | D:5      | Noticed Edmund
  2504 | D:5      | Killed Edmund
  2505 | D:5      | Reached skill level 7 in Unarmed Combat
  2941 | D:5      | Found a snail-covered altar of Cheibriados.
  2996 | D:5      | Identified 2 scrolls of acquirement
  2996 | D:5      | Acquired 794 gold pieces
  3062 | D:6      | Reached XP level 8. HP: 76/76 MP: 7/7
  3112 | D:6      | Reached skill level 8 in Unarmed Combat
  3276 | D:6      | Found a burning altar of Makhleb.
  3300 | D:6      | Reached skill level 5 in Dodging
  3302 | D:6      | Found a hazy altar of Hepliaklqana.
  3389 | D:6      | Reached **** piety under Trog
  3390 | D:6      | Reached skill level 9 in Unarmed Combat
  3599 | D:6      | Found a sparkling altar of Nemelex Xobeh.
  3684 | D:7      | Noticed a brown ugly thing
  3706 | D:7      | Killed a brown ugly thing
  3707 | D:7      | Reached skill level 10 in Unarmed Combat
  3707 | D:7      | Reached XP level 9. HP: 56/84 MP: 8/8
  3783 | D:7      | Found a transporter.
  3784 | D:7      | Noticed Grum
  3789 | D:7      | Identified the ring of Qochouleha {rF- Int+8 SInv}
  3813 | D:7      | Found a glowing golden altar of the Shining One.
  3853 | D:7      | Noticed a boulder beetle
  3857 | D:7      | Noticed an eight-headed hydra
  4094 | D:7      | HP: 3/84 [eight-headed hydra (3)]
  4095 | D:7      | Mangled by an eight-headed hydra

Illustrated notes

Levels and vault maps discovered:
D:1:      lightli_arrival_isolated_outpost, layout_rooms,
          hellmonk_ecumenical_altar_heavens_door, serial_shops, shop_fountains
D:2:      layout_rooms, minivault_27
D:3:      layout_rooms, serial_rivers, chequers_serial_rivers_room_b,
          chequers_serial_rivers_large_a, chequers_serial_rivers_small_3,
          chequers_serial_rivers_small_a, uniq_robin, uniq_jessica
D:4:      layout_cave_pools, lemuel_tele_altar, ebering_ghost_reflecting_pool,
          serial_shops, shop
D:5:      layout_loops_ring, lemuel_coloured_pillars_altar,
          minmay_temple_entry_drinking_statues, uniq_edmund
D:6:      layout_rooms, kennysheep_little_box, bloody_makhleb,
          nemelex_diamond_rough_becter
D:7:      nzn_winding_woodlands_large [nzn_winding_woodlands_5x5_three,
          nzn_winding_woodlands_5x15_garden, nzn_winding_woodlands_hourglass,
          nzn_winding_woodlands_center_diamonds,
          nzn_winding_woodlands_15x15_killbox,
          nzn_winding_woodlands_center_triple_pond,
          nzn_winding_woodlands_5x5_perimeter,
          nzn_winding_woodlands_5x15_split_checker,
          nzn_winding_woodlands_5x5_cross], layout_basic, kennysheep_mini_moat,
          serial_shops, nicolae_shop_crystal, gammafunk_ghost_gnarly_gnolls

Skill      XL: |  1  2  3  4  5  6  7  8 |
---------------+-------------------------+-----
Dodging        | 3 4 5 |  5.9
Unarmed Combat | 4 5 6 7 10 | 10.7
Fighting       | 3 4 |  4.2
Stealth        | |  0.1

Action                   |  1- 3 |  4- 6 |  7- 9 || total
-------------------------+-------+-------+-------++-------
Melee: Unarmed           |    74 |   167 |   180 ||   421
       Punch             |       |     1 |     8 ||     9
  Use: Potion            |       |     3 |       ||     3
       Scroll            |       |     1 |    13 ||    14
 Stab: Sleeping          |       |     1 |       ||     1
Armor: Animal skin       |    20 |    58 |    70 ||   148
       Skin              |       |    87 |       ||    87
Dodge: Dodged            |    30 |    86 |    95 ||   211

Table legend: (Time is in decaauts)
 A = Elapsed time spent in this place.
 B = Non-inter-level travel time spent in this place.
 C = Inter-level travel time spent in this place.
 D = Time resting spent in this place.
 E = Time spent auto-exploring this place.
 F = Levels seen in this place.
 G = Mean time per level.
                   A        B        C        D        E       F      G
               +--------+--------+--------+--------+--------+-----+--------+
         Total |   4089 |   3814 |    275 |      0 |   2780 |   7 |  584.1 |
       Dungeon |   4089 |   3814 |    275 |      0 |   2780 |   7 |  584.1 |
               +--------+--------+--------+--------+--------+-----+--------+

Top non-repeatable levels by time:
     D:5: 807 daAuts
     D:3: 674 daAuts
     D:6: 635 daAuts
     D:4: 616 daAuts
     D:2: 528 daAuts
     D:1: 426 daAuts
     D:7: 399 daAuts
